 Dungeon Crawl Stone Soup version 0.30.1-3-gfc49f6343a (webtiles) character file.

Game seed: 15245580666969909013

67 ces the Firebug (level 4, 0/24 HPs)
             Began as a Tengu Fire Elementalist on July 28, 2023.
             Killed from afar by Sigmund (5 damage)
             ... with a magic dart
             ... on level 2 of the Dungeon.
             The game lasted 00:10:50 (2440 turns).

ces the Firebug (Tengu Fire Elementalist)           Turns: 2440, Time: 00:10:51

Health: 0/24       AC:  2    Str:  9    XL:     4   Next: 16%
Magic:  8/9        EV: 12    Int: 17    God:
Gold:   101        SH:  0    Dex: 14    Spells: 8/9 levels left

rFire   . . .        c - +0 short sword
rCold   . . .        (no shield)
rNeg    . . .        a - +0 robe
rPois   .            (helmet restricted)
rElec   .            (no cloak)
rCorr   .            (no gloves)
SInv    .            (boots unavailable)
Will    .....        (no amulet)
Stlth   ++           (no ring)
HPRegen 0.24/turn    (no ring)
MPRegen 0.11/turn

%: no passive effects
@: no status effects
A: beak, talons 3
a: no special abilities


You were on level 2 of the Dungeon.
You visited 1 branch of the dungeon, and saw 2 of its levels.

You collected 101 gold pieces.

Inventory:

Hand Weapons
 c - a +0 short sword (weapon)
Armour
 a - a +0 robe (worn)
Jewellery
 f - a ring of willpower
Scrolls
 e - 4 scrolls of identify {unknown}
 g - a scroll of fear {unknown}
 h - a scroll of amnesia {unknown}
Potions
 b - a potion of magic
 d - 4 potions of heal wounds {unknown}
 i - a potion of brilliance {unknown}


   Skills:
 - Level 2.2 Dodging
 - Level 2.0 Stealth
 + Level 3.0 Spellcasting
 + Level 2.2 Conjurations
 + Level 4.2 Fire Magic


You had 8 spell levels left.
You knew the following spells:

 Your Spells              Type           Power      Damage    Failure   Level
a - Foxfire               Conj/Fire      52%        2x1d6     4%          1

Your spell library contained the following spells:

 Spells                   Type           Power      Damage    Failure   Level
 Scorch                   Fire           34%        2d6       4%          2
 Inner Flame              Hex/Fire       9%         N/A       22%         3
 Volatile Blastmotes      Fire/Tloc      18%        2d11      22%         3
 Flame Wave               Conj/Fire      13%        2d6       41%         4


Dungeon Overview and Level Annotations

Branches:
Dungeon (2/15)

Altars:

Shops:
D:1 [   D:2 [

Annotations:
D:2 Sigmund


Innate Abilities, Weirdness & Mutations

You have a beak for a mouth.
You have claws for feet.


Message History

There is an open door here.
Sigmund shouts!
Sigmund barely misses you.
Sigmund is nearby!
Sigmund is nearby!
Sigmund is nearby!
You conjure some foxfire!
The foxfire hits Sigmund.
Sigmund is lightly wounded.
You miscast Foxfire.
You are very lightly contaminated with residual magic.
Nothing appears to happen.
The foxfire hits Sigmund.
Sigmund is moderately wounded.
Sigmund hits you from afar with a +0 scythe.
You conjure some foxfire!
Sigmund hits you from afar with a +0 scythe!
Your foxfire dissipates!
The foxfire hits Sigmund.
Sigmund is moderately wounded.
You are too injured to fight recklessly!
You are too injured to fight recklessly!
There are no items here.
Sigmund laughs darkly.
Sigmund hits you from afar with a +0 scythe.
* * * LOW HITPOINT WARNING * * *
Sigmund closely misses you.
Your magical contamination has completely faded away.
There is an open door here.
Sigmund gestures at you while chanting. The magic dart hits you.
* * * LOW HITPOINT WARNING * * *
There is an open door here.
Sigmund casts a spell.
Sigmund flickers and vanishes!
Deactivating autopickup; reactivate with Ctrl-A.
You close the door.
Something unseen opens the door.
A magic dart appears from out of thin air!
The magic dart hits you.
You die...

#......# #.##......#
#....# ##.###.#
#.##.####.####..#.#
#.##
#.##..............#
#.@#####
#.##..###.######..##
##.'{..# #.##..# #.#
#.... ###♣♣.##
#.....# #.# #.#..
♣..#######>## #..
.... ♣♣.{.#####.#
### .#.. ###.....@.#
#.# ######### #.#..
#.... #####


There were no monsters in sight!

Vanquished Creatures
  An adder (D:2)
  3 ball pythons
  4 endoplasms
  7 giant cockroaches
  8 hobgoblins
  2 jackals (D:2)
  5 quokkas
  3 bats
  2 frilled lizards (D:1)
  4 goblins
  5 kobolds
  5 rats
49 creatures vanquished.

Vanquished Creatures (others)
  180 foxfires
180 creatures vanquished.

Grand Total: 229 creatures vanquished

Notes
Turn   | Place    | Note
-------+----------+-------------------------------------------
     0 | D:1      | ces the Tengu Fire Elementalist began the quest for the
                  | Orb.
     0 | D:1      | Reached XP level 1. HP: 10/10 MP: 4/4
   315 | D:1      | Reached XP level 2. HP: 15/15 MP: 4/6
   574 | D:1      | Found Pelud's Antique Armour Boutique.
   973 | D:1      | Reached XP level 3. HP: 19/19 MP: 3/7
  1323 | D:2      | Noticed Sigmund
  1378 | D:2      | Reached skill level 4 in Fire Magic
  1969 | D:2      | Reached XP level 4. HP: 24/24 MP: 6/9
  2289 | D:2      | Found Liesailo's Armour Emporium.
  2440 | D:2      | Killed from afar by Sigmund

Illustrated notes

Levels and vault maps discovered:
D:1:      psy_arrival_statuary, layout_loops_ring, serial_shops,
          nicolae_shop_tiny_real_fake_doors, minmay_distorted
D:2:      layout_loops_ring, serial_shops, shop, kennysheep_nondescript,
          kennysheep_flooded_box, chequers_serial_rivers_room_a,
          kennysheep_decorative_pillar, minmay_unequal, uniq_sigmund

Skill      XL: |  1  2  3  4 |
---------------+-------------+-----
Fire Magic     | 4 |  4.2
Conjurations   | 2 |  2.2
Spellcasting   | 3 |  3.0
Dodging        | |  2.2
Stealth        | |  2.0

Action                     |  1- 3 |  4- 6 || total
---------------------------+-------+-------++-------
  Melee: Short sword       |    19 |       ||    19
         Kick              |     5 |       ||     5
         Unarmed           |     4 |       ||     4
         Peck              |     4 |       ||     4
   Cast: Foxfire           |    99 |    24 ||   123
 Armour: Robe              |    15 |       ||    15
  Dodge: Dodged            |    40 |     2 ||    42
